 Dungeon Crawl Stone Soup version 0.28.0-53-g5a82cb258f (webtiles) character file.

Game seed: 13149768150444939507

74 protoss039 the Digger (level 4, 29/33 HPs)
             Began as a Demonspawn Earth Elementalist on June 17, 2022.
             Got out of the dungeon alive.
             The game lasted 00:03:23 (2270 turns).

protoss039 the Digger (DsEE)                        Turns: 2270, Time: 00:03:24

Health: 29/33      AC:  3    Str:  8    XL:     4   Next: 10%
Magic:  7/7        EV: 12    Int: 18    God:
Gold:   73         SH:  0    Dex: 14    Spells: 5/8 levels left

rFire   . . .      SeeInvis .   a - +0 spear
rCold   . . .      Faith    .   (no shield)
rNeg    . . .      Spirit   .   b - +0 robe
rPois   .          Reflect  .   (no helmet)
rElec   .          Harm     .   m - +0 cloak
rCorr   .          Rampage  .   (no gloves)
Will    .....                   (no boots)
Stlth   ++........              (no amulet)
HPRegen 0.11/turn               (no ring)
MPRegen 0.10/turn               (no ring)

@: no status effects
A: demonic guardian 1, powered by death 1
a: no special abilities


You escaped.
You visited 1 branch of the dungeon, and saw 2 of its levels.

You collected 101 gold pieces.
You spent 28 gold pieces at shops.

Inventory:

Hand Weapons
 a - a +0 spear (weapon)
Missiles
 c - 10 stones
Armour
 b - a +0 robe (worn)
 m - a +0 cloak (worn)
Jewellery
 h - an amulet of guardian spirit
Scrolls
 d - 2 scrolls of identify
 e - a scroll of silence {unknown}
 g - a scroll of noise {unknown}
 j - a scroll of immolation {unknown}
Potions
 f - a potion of flight {unknown}
 i - a potion of brilliance {unknown}
 k - a potion of might {unknown}
 l - a potion of resistance {unknown}


   Skills:
 * Level 2.2 Fighting
 + Level 1.2 Armour
 - Level 1.7 Dodging
 - Level 1.7 Stealth
 + Level 2.5 Spellcasting
 - Level 1.0 Transmutations
 + Level 3.1 Earth Magic


You had 5 spell levels left.
You knew the following spells:

 Your Spells              Type           Power      Damage    Failure   Level
a - Sandblast             Erth           26%        2d8       4%          1
b - Passwall              Tmut/Erth      7%         N/A       11%         2

Your spell library contained the following spells:

 Spells                   Type           Power      Damage    Failure   Level
 Stone Arrow              Conj/Erth      14%        3d7       26%         3
 Petrify                  Tmut/Erth      9%         N/A       58%         4


Dungeon Overview and Level Annotations

Branches:
Dungeon (2/15)

Altars:

Shops:
D:1 *?*[


Innate Abilities, Weirdness & Mutations

A weak demonic guardian rushes to your aid.
You regenerate a little health from kills.


Message History

The adder is severely wounded.
Unknown command.
Unknown command.
You closely miss the adder.
The adder is severely wounded.
The adder bites you.
You are poisoned.
The adder poisons you!
Unknown command.
You barely miss the adder.
The adder is severely wounded.
You feel sick. The adder bites you. The adder barely misses you.
Unknown command.
You miss the adder.
The adder is severely wounded.
You feel sick. The adder closely misses you.
Unknown command.
Casting: Sandblast (safe; 4% risk of failure)
Confirm with . or Enter, or press ? or * to list all spells.
Aiming: Sandblast (safe; 4% risk of failure)
Press: ? - help, Shift-Dir - straight line, f/p - adder
Aim: an adder (severely wounded, 66% to hit)
The blast of sand hits the adder.
You kill the adder!
You feel sick.
You are no longer poisoned.
You have reached level 4!
You feel agile.
Your demonic ancestry asserts itself...
You feel the presence of a demonic guardian.
Things that are here:
a +0 dagger; a goblin corpse Magic restored.
There is a stone staircase leading up here.
You climb upwards.
There is a stone staircase leading down here.
There is a staircase leading out of the dungeon here.
Are you sure you want to leave the Dungeon?
This will make you lose the game!
Alright, then stay!
Are you sure you want to leave the Dungeon?
This will make you lose the game!
You have escaped!

#.# #.#.## #.# #..............
#.# #.#..####.###......#.##..##
#.# #.##........#............##
#.# #.######..#.....###...##...
#.# #.#####..#.#........######.
#.# #.......#...#......## ## #.#
#..#####.....#####.##### # #.#
#...#...........#......## # #.#
#....#....@....#..####..### #.#
##...#.........#..## ##..## #.#
#..#...........#..# ##..# #.#
#.#####.....#####.### ##.. #.#
#......#...#........######
#.#######......#.#...............
#...............#....#.........##
#########.....#.....#...........#
#)...###.>..#...........#


There were no monsters in sight!

Vanquished Creatures
  3 adders (D:2)
  A worm (D:2)
  A dart slug (D:2)
  A ball python (D:1)
  3 endoplasms
  4 giant cockroaches
  4 hobgoblins
  2 quokkas (D:1)
  4 bats
  2 frilled lizards (D:2)
  7 goblins
  4 kobolds
  3 rats
39 creatures vanquished.

Vanquished Creatures (others)
  28 plants (D:2)
28 creatures vanquished.

Grand Total: 67 creatures vanquished

Notes
Turn   | Place    | Note
-------+----------+-------------------------------------------
     0 | D:1      | protoss039 the Demonspawn Earth Elementalist began the
                  | quest for the Orb.
     0 | D:1      | Reached XP level 1. HP: 13/13 MP: 3/3
   116 | D:1      | Reached skill level 1 in Transmutations
   414 | D:1      | Found Ruokk's General Store.
   423 | D:1      | Reached skill level 1 in Fighting
   424 | D:1      | Gained mutation: You regenerate a little health from kills.
                  | [demonic ancestry]
   424 | D:1      | Reached XP level 2. HP: 20/21 MP: 1/5
   583 | D:1      | Found Bihiuz's Assorted Antiques.
   902 | D:1      | Found Ehaib's Magic Scroll Emporium.
   910 | D:1      | Found Cipruked's Armour Shoppe.
  1059 | D:1      | Found a faded altar of an unknown god.
  1220 | D:1      | Bought a scroll of identify for 28 gold pieces
  1273 | D:2      | Learned a level 2 spell: Passwall
  1398 | D:2      | Reached XP level 3. HP: 26/26 MP: 4/6
  1552 | D:2      | Reached skill level 3 in Earth Magic
  1598 | D:2      | Reached skill level 1 in Armour
  2223 | D:2      | Gained mutation: A weak demonic guardian rushes to your
                  | aid. [demonic ancestry]
  2223 | D:2      | Reached XP level 4. HP: 23/33 MP: 4/7
  2270 | D:$      | Got out of the dungeon alive.

Illustrated notes

Levels and vault maps discovered:
D:1:      scummos_arrival_star, layout_rooms, serial_shops, shop_statue,
          nicolae_shop_statue_plus, nicolae_shop_hallway_plus, shop,
          hellmonk_ecumenical_altar_leap_of_faith, minmay_close_crescents
D:2:      wad_woods_pond, layout_basic, kennysheep_generic_room_15

Skill      XL: |  1  2  3 |
---------------+----------+-----
Transmutations | 1 |  1.0
Fighting       | 1 2 |  2.2
Earth Magic    | 3 |  3.1
Armour         | 1 |  1.2
Dodging        | |  1.7
Stealth        | |  1.7
Spellcasting   | |  2.5

Action                   |  1- 3 |  4- 6 || total
-------------------------+-------+-------++-------
Melee: Spear             |   101 |       ||   101
       Unarmed           |     1 |       ||     1
       Punch             |     1 |       ||     1
 Cast: Sandblast         |    37 |       ||    37
 Stab: Sleeping          |     2 |       ||     2
       Distracted        |     1 |       ||     1
Armor: Robe              |    19 |       ||    19
Dodge: Dodged            |    56 |       ||    56
